Map: Taito Citadel LE

Players

HolyHit

  • Race: Protoss Protoss
  • League: Master
  • Spawn Location: 11:00

A.I. 1 (Very Easy) - Winner!

  • Race: Zerg Zerg
  • Spawn Location: 5:00

VOD

Have the link to the VOD?

Description

Time

  • Played on: Jan. 12, 2026, 1:01 p.m.
  • Length: 7:28
Show
View Real Time Build Order
Export as new Build Order

HolyHit Protoss 

Build Orders: 1 Gate Expand, Oracle Opening, Zealot Archon, Archon Drop 

Get SALT Encoding   

  12  0:00  Probe  
  13  0:12  Probe  
  14  0:17  Pylon  
  14  0:24  Probe  
  15  0:32  Probe  
  15  0:38  Gateway  
  15  0:40  Probe  
  16  0:46  Assimilator  
  17  0:51  Probe  
  18  1:03  Probe  
  19  1:15  Probe  
  20  1:22  Nexus  
  20  1:33  Cybernetics Core  
  20  1:35  Probe  
  21  1:40  Assimilator  
  22  1:47  Probe  
  22  1:49  Pylon  
  22  1:59  Probe, Adept  
  23  2:11  Probe  
  26  2:19  Stargate  
  26  2:20  Adept  
  26  2:23  Probe  
  29  2:31  Probe  
  29  2:35  Probe  
  29  2:36  Warp Gate  
  31  2:39  Probe  
  32  2:46  Stalker  
  32  2:47  Probe  
  32  2:48  Probe  
  36  2:59  Probe  
  36  3:01  Probe  
  38  3:09  Oracle  
  38  3:11  Probe  
  42  3:13  Probe  
  42  3:16  Gateway  
  43  3:20  Pylon  
  43  3:23  Probe  
  43  3:25  Probe  
  45  3:29  Assimilator  
  45  3:30  Assimilator  
  45  3:36  Probe  
  45  3:40  Robotics Facility  
  46  3:41  Probe  
  46  3:48  Probe  
  48  3:50  Twilight Council  
  48  3:53  Probe  
  49  4:00  Probe  
  50  4:03  Probe, Pylon  
  51  4:10  Gateway  
  51  4:11  Probe  
  51  4:12  Probe  
  51  4:13  Gateway  
  53  4:18  Warp Prism, Pylon  
  53  4:20  Probe  
  53  4:24  Probe  
  57  4:33  Probe  
  57  4:36  Templar Archives  
  57  4:37  Probe  
  59  4:46  Probe  
  60  4:54  Observer, Probe, Pylon  
  60  4:58  Nexus  
  62  5:00  Probe  
  63  5:08  Forge, Probe  
  64  5:14  High Templar  
  64  5:15  High Templar x3  
  64  5:16  Probe  
  64  5:18  Archon  
  64  5:19  Archon  
  64  5:21  Probe, Protoss Ground Weapons Level 1  
  74  5:24  Pylon  
  74  5:26  Observer  
  75  5:28  Charge  
  75  5:29  Probe  
  75  5:33  Probe  
  77  5:40  Gateway  
  77  5:42  Probe, Gateway  
  78  5:45  Probe  
  78  5:48  Immortal  
  79  5:54  Probe  
  79  5:56  Pylon  
  84  6:01  Probe  
  84  6:04  Gateway  
  85  6:06  Probe  
  85  6:07  Gateway  
  86  6:13  Probe x2  
  86  6:17  Immortal  
  88  6:20  Probe  
  88  6:21  Gateway  
  88  6:22  Gateway  
  89  6:26  Probe x2  
  95  6:33  Sentry x2  
  95  6:35  Probe  
  95  6:38  Assimilator  
  100  6:40  High Templar  
  100  6:41  High Templar  
  100  6:43  Assimilator  
  100  6:45  Archon, Pylon, Zealot x2  
  108  6:56  Pylon  
  108  7:02  Pylon  
  108  7:03  Probe  
  108  7:05  Zealot x2  
  117  7:10  Pylon  
  117  7:15  High Templar  
  117  7:16  High Templar  
  117  7:19  Zealot x2  
  117  7:20  Archon, Nexus  
  125  7:23  Zealot x2  
  125  7:25  Zealot  
  125  7:27  Zealot  
Show
View Real Time Build Order
Export as new Build Order

A.I. 1 (Very Easy) Zerg - Winner!

Build Orders: Pool Only 

Get SALT Encoding   

  12  0:00  Drone  
  13  0:12  Overlord  
  13  0:16  Drone  
  14  0:35  Spawning Pool, Extractor  
  13  0:39  Drone  
  13  0:46  Drone  
  14  0:51  Overlord  
  14  1:22  Zergling x2, Queen  
  17  1:33  Roach Warren  
  17  1:37  Drone  
  17  1:40  Extractor  
  17  1:44  Drone  
  17  1:47  Zergling x2  
  18  2:03  Drone  
  19  2:10  Drone  
  19  2:13  Zergling x2  
  21  2:20  Drone  
  22  2:29  Overlord  
  22  2:33  Drone  
  23  2:39  Roach  
  23  2:40  Drone  
  26  2:47  Drone  
  27  5:41  Zergling x2  
  23  5:52  Queen  
  23  5:58  Drone  
  20  6:06  Drone  
  20  6:07  Zergling x2  
  19  6:13  Drone  
  15  6:20  Drone  
  9  6:27  Drone  
  9  6:31  Queen  
  9  6:32  Zergling x2  
  5  6:34  Drone  
  5  6:42  Drone  
  5  6:48  Overlord x2  
  5  6:49  Drone  
  4  6:56  Drone  
  4  6:58  Zergling x2  
  5  7:03  Drone  
  5  7:10  Drone  
Tags
 
Add a new tag
Caveats
  • Supply blocks, unpowered buildings, or Contaminate may cause inaccurate times.
  • Supply counts are checked every 10 seconds.